 Dungeon Crawl Stone Soup version 0.19-a0-1790-g026f1ef (webtiles) character file.

418 Proteus the Covert (level 6, 0/30 HPs)
             Began as a Spriggan Assassin on Oct 4, 2016.
             Slain by a bullfrog (9 damage)
             ... on level 4 of the Dungeon.
             The game lasted 00:09:23 (3401 turns).

Proteus the Covert (Spriggan Assassin)              Turns: 3401, Time: 00:09:24

Health: 0/30       AC:  7    Str:  7    XL:     6   Next: 61%
Magic:  7/7        EV: 17    Int: 13    God:
Gold:   80         SH:  0    Dex: 19    Spells: 0 memorised, 5 levels left

rFire  . . .     SeeInvis +     f - +1 falchion (elec)
rCold  . . .     Gourm    .     r - +1 robe (curse)
rNeg   . . .     Faith    .     (shield restricted)
rPois  .         Spirit   .     l - +1 hat
rElec  .         Dismiss  .     m - +2 cloak
rCorr  .         Reflect  .     (gloves unavailable)
MR     +....     Harm     .     (boots unavailable)
Stlth  ++++++....               (no amulet)
                                (no ring)
                                t - ring of flight

@: very quick
A: unfitting armour, see invisible, herbivore 3, speed 3, slow metabolism 2
a: Evoke Flight


You were on level 4 of the Dungeon.
You were not hungry.

You visited 1 branch of the dungeon, and saw 4 of its levels.

You collected 80 gold pieces.

Inventory:

Hand Weapons
 a - a +2 dagger
 b - a +0 blowgun
 f - a +1 falchion of electrocution (weapon)
Missiles
 e - 36 poisoned needles
 o - a curare-tipped needle
 v - 7 needles of confusion
Armour
 c - a +0 robe
 l - a +1 hat (worn)
 m - a +2 cloak (worn)
 r - a cursed +1 robe (worn)
Jewellery
 t - a ring of flight (left hand)
Scrolls
 u - 2 scrolls of teleportation
Potions
 d - 2 potions of invisibility
 h - a potion of curing
 i - a potion of agility
 j - 3 potions of flight
 k - a potion of resistance {unknown}
 n - a potion of cure mutation {unknown}
 p - a potion of haste {unknown}
 q - a potion of brilliance {unknown}
 s - a potion of might {unknown}
Comestibles
 g - 2 bread rations


   Skills:
 - Level 1.5 Fighting
 - Level 2.1 Short Blades
 - Level 2.0 Throwing
 - Level 1.5 Dodging
 + Level 11.9 Stealth


You had 5 spell levels left.
You didn't know any spells.

Dungeon Overview and Level Annotations

Branches:
Dungeon (4/15)
 Temple: D:4-7

Altars:


Innate Abilities, Weirdness & Mutations

You are very small and have problems with some larger weapons.
You are too small for most types of armour.
You have supernaturally acute eyesight. (SInv)
You are a herbivore.
You cover ground extremely quickly.
You need consume almost no food.


Message History

v - 7 needles of confusion The orc closely misses you.
A bullfrog comes into view.
The bullfrog gives a loud, deep croak!
The bullfrog closely misses you.
Wield which item (- for none, * to show all)? (? for menu, Esc to quit)
You hear the crackle of electricity.
f - a +1 falchion of electrocution (weapon)
You hit the orc.
There is a sudden explosion of sparks!
You kill the orc!
The bullfrog hits you but does no damage.
The bullfrog misses you.
You riposte.
You barely miss the bullfrog. You hit the bullfrog.
There is a sudden explosion of sparks!
The bullfrog is almost dead.
The bullfrog closely misses you. The scorpion stings you.
* * * LOW HITPOINT WARNING * * *
You closely miss the bullfrog.
The bullfrog is almost dead.
The bullfrog hits you!
You die...

..# #.# #.###.# #.##..#
#.#...## #......## #.. ###
#.......## #.. #..
.........# #.# #.#
#........# #.# #F#
##.....#.# #.# #@#
##...##.# #.# #s# #
##>###.###.###g########.#
#.##...................###
#. #..###.......†g........
#..# #.###.......##.
........# #######.#
.##..##### ... # #..#
.##s#


You could see a bullfrog, a scorpion and a hobgoblin.

Vanquished Creatures
  2 howler monkeys (D:4)
  An orc priest (D:3)
  A hound (D:4)
  Ijyb (D:2)
  Terence (D:1)
  3 orc wizards
  A worker ant (D:4)
  3 gnolls (D:2)
  4 worms
  2 dart slugs (D:1)
  A leopard gecko (D:2)
  13 orcs
  6 giant cockroaches
  9 goblins
  2 hobgoblins
  5 jackals
  5 kobolds
  4 bats
  6 frilled lizards
  A jackal skeleton (D:4)
  A leopard gecko skeleton (D:4)
  8 rats
80 creatures vanquished.

Notes
Turn   | Place    | Note
-------+----------+-------------------------------------------
     0 | D:1      | Proteus the Spriggan Assassin began the quest for the Orb.
     0 | D:1      | Reached XP level 1. HP: 10/10 MP: 2/2
    45 | D:1      | Reached skill level 6 in Stealth
   361 | D:1      | Reached XP level 2. HP: 14/14 MP: 3/3
   606 | D:1      | Reached skill level 7 in Stealth
  1005 | D:2      | Noticed Terence
  1018 | D:1      | Killed Terence
  1018 | D:1      | Reached skill level 8 in Stealth
  1018 | D:1      | Reached XP level 3. HP: 18/18 MP: 4/4
  1571 | D:2      | Reached XP level 4. HP: 22/22 MP: 5/5
  1712 | D:2      | Reached skill level 9 in Stealth
  1724 | D:2      | Noticed Ijyb
  1744 | D:2      | Killed Ijyb
  2034 | D:3      | Reached XP level 5. HP: 25/25 MP: 6/6
  2159 | D:3      | Found a faded altar of an unknown god.
  2283 | D:3      | Reached skill level 10 in Stealth
  3135 | D:4      | Reached skill level 11 in Stealth
  3135 | D:4      | Reached XP level 6. HP: 12/30 MP: 7/7
  3401 | D:4      | Slain by a bullfrog

Vault maps used:
D:1:      tarquinn_simple_flora_water_b
D:2:      first_bread, uniq_iyjb, uniq_terence
D:3:      ecumenical_altar_2, kennysheep_generic_room_15
D:4:      nicolae_ru_great_annihilating_truth, serial_shops, shop,
          hangedman_feature_mirror

Skill      XL: |  1  2  3  4  5 |
---------------+----------------+-----
Stealth        | 6 8 9 11 | 11.9
Fighting       | |  1.5
Short Blades   | |  2.1
Throwing       | |  2.0
Dodging        | |  1.5

Action                   |  1- 3 |  4- 6 || total
-------------------------+-------+-------++-------
Melee: Dagger            |    78 |    48 ||   126
       Falchion          |       |    79 ||    79
 Fire: Blowgun           |     3 |    17 ||    20
  Use: Scroll            |     5 |     2 ||     7
 Stab: Sleeping          |    13 |     8 ||    21
Armor: Robe              |    10 |    19 ||    29
Dodge: Dodged            |    45 |    92 ||   137
       Rpst.: Falchion   |       |    18 ||    18
